Map: Apotheosis LE

Players

Fropez - Winner!

  • Race: Protoss Protoss
  • League: Gold
  • Spawn Location: 5:00

Kreayshawn

  • Race: Protoss Protoss
  • League: Gold
  • Spawn Location: 11:00

VOD

Have the link to the VOD?

Description

Time

  • Played on: Oct. 30, 2016, 5:56 p.m.
  • Length: 8:15
Show
View Real Time Build Order
Export as new Build Order

Fropez Protoss - Winner!

Build Orders:  

Get SALT Encoding   

  12  0:01  Probe (Chrono Boost)  
  13  0:17  Probe (Chrono Boost)  
  14  0:22  Pylon  
  14  0:28  Probe (Chrono Boost)  
  15  0:40  Probe (Chrono Boost)  
  16  0:42  Gateway  
  16  0:51  Probe (Chrono Boost)  
  17  1:08  Probe (Chrono Boost), Assimilator  
  18  1:19  Probe (Chrono Boost)  
  19  1:30  Probe (Chrono Boost)  
  19  1:31  Gateway  
  20  1:51  Nexus, Probe (Chrono Boost)  
  20  1:54  Pylon  
  21  2:02  Probe (Chrono Boost)  
  21  2:05  Assimilator  
  22  2:19  Probe (Chrono Boost)  
  22  2:22  Cybernetics Core  
  23  2:38  Gateway  
  23  2:41  Probe (Chrono Boost), Gateway  
  24  2:51  Probe (Chrono Boost)  
  24  3:01  Probe (Chrono Boost), Robotics Facility  
  24  3:02  Warp Gate (Chrono Boost)  
  24  3:04  Probe  
  26  3:14  Pylon  
  26  3:22  Pylon  
  26  3:32  Stalker  
  28  3:36  Stalker  
  26  3:48  Observer, Mothership Core  
  23  4:09  Probe  
  20  4:13  Probe  
  21  4:25  Probe  
  21  4:28  Probe  
  21  4:29  Observer  
  24  4:38  Probe  
  24  4:42  Twilight Council  
  24  4:45  Probe  
  25  4:51  Probe  
  27  4:55  Probe  
  25  5:14  Probe  
  25  5:15  Probe  
  25  5:19  Blink  
  25  5:28  Stalker  
  26  5:30  Probe  
  27  5:44  Stalker  
  26  5:53  Stalker  
  26  5:56  Probe  
  29  6:01  Assimilator  
  29  6:03  Probe  
  29  6:08  Probe  
  31  6:26  Warp Prism (Chrono Boost)  
  33  6:44  Pylon  
  33  6:45  Probe  
  34  6:48  Probe  
  35  6:57  Probe  
  36  7:06  Probe  
  37  7:13  Probe  
  38  7:17  Probe  
  38  7:30  Probe  
  38  7:31  Probe  
  40  7:44  Probe  
  40  7:45  Probe  
  42  7:56  Probe  
  42  7:57  Probe  
  44  8:00  Adept x2  
  44  8:02  Adept  
Show
View Real Time Build Order
Export as new Build Order

Kreayshawn Protoss 

Build Orders: Zealot Archon, Dark Templar Rush 

Get SALT Encoding   

  12  0:03  Probe (Chrono Boost)  
  13  0:13  Probe (Chrono Boost)  
  14  0:22  Pylon  
  14  0:24  Probe (Chrono Boost)  
  15  0:33  Assimilator  
  15  0:41  Probe (Chrono Boost)  
  16  0:45  Gateway  
  16  0:51  Probe (Chrono Boost)  
  17  1:00  Assimilator  
  17  1:02  Probe (Chrono Boost)  
  18  1:12  Probe (Chrono Boost), Gateway  
  19  1:23  Probe (Chrono Boost)  
  20  1:33  Probe (Chrono Boost), Cybernetics Core  
  21  1:44  Probe (Chrono Boost)  
  22  1:47  Pylon  
  22  1:56  Probe (Chrono Boost)  
  23  2:09  Adept x2  
  23  2:14  Twilight Council  
  27  2:16  Warp Gate (Chrono Boost)  
  27  2:26  Mothership Core (Chrono Boost)  
  29  2:46  Probe (Chrono Boost)  
  30  2:55  Nexus  
  30  3:05  Dark Shrine  
  30  3:13  Pylon  
  30  3:18  Probe  
  31  3:26  Gateway  
  31  3:49  Probe  
  32  4:01  Probe  
  31  4:21  Probe  
  31  4:22  Charge (Chrono Boost)  
  31  4:23  Probe  
  32  4:30  Dark Templar x2  
  37  4:33  Probe x2  
  37  4:36  Adept  
  41  4:44  Probe  
  41  4:45  Probe  
  42  4:51  Pylon  
  43  4:54  Probe  
  43  4:57  Probe  
  43  5:23  Probe  
  43  5:24  Probe  
  43  5:33  Probe, Gateway  
  43  5:34  Gateway  
  43  5:35  Gateway  
  44  5:36  Probe  
  44  5:37  Gateway x2  
  44  5:39  Gateway x2  
  43  5:55  Zealot x2  
  43  5:56  Zealot  
  49  6:00  Pylon  
  49  6:03  Pylon x3  
  49  6:06  Pylon  
  49  6:20  Templar Archives  
  49  6:33  Zealot x3  
  49  6:34  Zealot x4  
  49  6:37  Zealot  
  65  6:48  Zealot  
  65  6:49  Zealot  
  69  6:56  Pylon  
  69  6:58  Zealot x2  
  69  6:59  Zealot  
  69  7:00  Zealot  
  77  7:09  High Templar  
  77  7:10  High Templar x3  
  77  7:14  Archon x2  
  85  7:17  Zealot x2  
  89  7:23  Zealot  
  89  7:25  Zealot  
  89  7:27  High Templar  
  89  7:29  High Templar  
  97  7:35  Archon  
  97  7:38  Zealot x2  
  97  7:42  Zealot x3  
  107  7:54  Pylon, Probe  
  107  7:55  Probe  
Tags
 
Composition
Zealot Archon
League
GoldGold
Matchup
PvP
Replay Pack
From the laptop
Spawn Locations
Cross Positions
Add a new tag
Caveats
  • Supply blocks, unpowered buildings, or Contaminate may cause inaccurate times.
  • Supply counts are checked every 10 seconds.